AoeStats
← FadedButtons

Black Forest

505146938Analyzed
4v4 RM · 23d ago on Sep 8, 2026· 67m 11s· 8 players
Game mode
Random Map
Map size
Large (8 player)
Population
200
Speed
Normal
Resources
Standard
Victory
Conquest
Starting age
Dark Age
Ending age
Imperial Age
RankedLock teamsTeams togetherTeam positionsShared explorationLock speedFull tech treeHidden civsTurbo modeCheats
Victory
Defeat
674
+9
🇵🇪 Turks · Peru
673
+9
🇨🇱 Bohemians · Chile
666
+10
🇧🇷 Khmer · Brazil
438
+18
🇲🇽 Romans · Mexico
576
-14
🇦🇷 Huns · Argentina
503
-11
🇺🇸 Mongols · United States
495
-11
🇺🇸 Vietnamese · United States
471
-10
FadedButtons
1:15 Loom
13:37 Feudal Age
14:16 Double-Bit Axe
14:37 Horse Collar
15:42 Gold Mining
16:21 Man-at-Arms
21:54 Arson
24:27 Forging
25:05 Scale Mail Armor
26:43 Wheelbarrow
27:32 Fletching
27:43 Padded Archer Armor
28:31 Stone Mining
32:54 Castle Age
33:15 Town Watch
33:34 Bodkin Arrow
34:47 Leather Archer Armor
36:10 Ballistics
36:25 Town Patrol
40:27 Bow Saw
40:26 Heavy Plow
41:38 Hand Cart
45:08 Caravan
46:18 Thumb Ring
58:26 Imperial Age
59:15 Bracer
non-offensive-name
0:43 Loom
18:20 Feudal Age
19:04 Stone Mining
19:04 Gold Mining
18:58 Horse Collar
19:58 Wheelbarrow
19:12 Double-Bit Axe
25:13 Arson
28:00 Castle Age
25:22 Man-at-Arms
26:32 Town Watch
27:07 Padded Archer Armor
29:16 Husbandry
29:28 Bloodlines
29:17 Fishing Lines
30:00 Gillnets
30:29 Hand Cart
34:17 Heavy Plow
33:41 Light Cavalry
33:44 Elite Skirmisher
33:44 Crossbowman
34:29 Squires
33:50 Pikeman
33:51 Long Swordsman
37:09 Bow Saw
39:28 Stone Shaft Mining
39:29 Gold Shaft Mining
39:12 Thumb Ring
42:49 Scale Mail Armor
42:59 Forging
42:40 Fletching
42:56 Scale Barding Armor
44:02 Nomads
48:05 Imperial Age
46:20 Masonry
46:49 Fortified Wall
46:35 Murder Holes
48:03 Guard Tower
48:08 Heavy Camel Rider
48:29 Two-Handed Swordsman
49:33 Leather Archer Armor
49:40 Chain Barding Armor
50:11 Conscription
50:12 Drill
50:51 Siege Engineers
51:39 Bodkin Arrow
51:24 Imperial Skirmisher
52:27 Ballistics
52:16 Arbalester
53:34 Parthian Tactics
54:37 Elite Mangudai
55:55 Iron Casting
55:37 Chain Mail Armor
56:59 Hoardings
57:01 Plate Mail Armor
58:22 Chemistry
57:44 Onager
59:58 Town Patrol
59:32 Sappers
60:04 Bracer
61:04 Blast Furnace
59:31 Hussar
59:36 Champion
63:38 Caravan
64:09 Coinage
65:40 Siege Onager
✪KillerMx✪
14:12 Feudal Age
15:11 Double-Bit Axe
16:19 Wheelbarrow
18:11 Horse Collar
22:49 Castle Age
25:37 Bow Saw
25:41 Heavy Plow
33:29 Hand Cart
35:59 Scale Barding Armor
35:54 Scale Mail Armor
36:05 Forging
39:57 Imperial Age
38:27 Man-at-Arms
39:24 Bloodlines
38:35 Light Cavalry
39:15 Husbandry
40:13 Cavalier
42:56 Chain Barding Armor
42:52 Chain Mail Armor
43:13 Iron Casting
45:17 Plate Barding Armor
47:37 Squires
47:54 Heavy Scorpion
50:48 Long Swordsman
51:38 Onager
57:40 Blast Furnace
56:26 Legionary
56:37 Pikeman
ElfinTugboat726
1:43 Loom
15:54 Feudal Age
16:22 Horse Collar
19:53 Double-Bit Axe
23:05 Fishing Lines
27:07 Wheelbarrow
27:53 Gold Mining
27:54 Stone Mining
30:26 Castle Age
32:03 Bow Saw
34:34 Heavy Plow
35:15 Gold Shaft Mining
34:21 Pikeman
38:08 Hand Cart
37:27 Elite Skirmisher
38:13 Thumb Ring
38:18 Husbandry
38:29 Bloodlines
39:27 Squires
39:13 Arson
39:26 Light Cavalry
43:42 Imperial Age
48:36 Imperial Age
47:54 Marauders
48:38 Halberdier
53:25 Conscription
53:29 Elite Tarkan
akarisialo
0:44 Loom
13:27 Feudal Age
14:02 Double-Bit Axe
17:33 Horse Collar
18:14 Stone Mining
23:49 Castle Age
25:36 Caravan
28:08 Wheelbarrow
27:50 Bow Saw
28:40 Gold Mining
30:43 Heavy Plow
30:48 Fletching
31:10 Forging
31:01 Padded Archer Armor
38:46 Imperial Age
39:20 Gold Shaft Mining
39:53 Conscription
40:59 Scale Mail Armor
41:08 Scale Barding Armor
41:19 Leather Archer Armor
42:29 Husbandry
42:40 Bloodlines
46:53 Two-Man Saw
46:16 Ballistics
46:19 Chain Barding Armor
46:38 Ring Archer Armor
47:05 Elite Janissary
49:19 Plate Barding Armor
49:19 Iron Casting
52:06 Artillery
53:54 Blast Furnace
53:10 Chain Mail Armor
53:18 Hand Cart
53:19 Murder Holes
53:14 Arrowslits
59:17 Plate Mail Armor
Puro_Osso
0:32 Loom
22:57 Feudal Age
24:39 Wheelbarrow
26:06 Castle Age
24:45 Wheelbarrow
23:57 Double-Bit Axe
27:29 Stone Mining
30:52 Hand Cart
38:35 Imperial Age
38:36 Bow Saw
43:06 Gold Mining
43:52 Stone Shaft Mining
43:26 Horse Collar
44:02 Fervor
46:29 Gold Shaft Mining
48:02 Caravan
48:33 Coinage
48:07 Elite Ballista Elephant
51:31 Chemistry
50:52 Ballistics
50:28 Murder Holes
50:26 Fletching
50:36 Padded Archer Armor
52:06 Leather Archer Armor
51:46 Bodkin Arrow
51:52 Scale Mail Armor
51:58 Scale Barding Armor
55:24 Double Crossbow
55:25 Tusk Swords
56:01 Hoardings
54:57 Sappers
55:48 Conscription
55:52 Fortified Wall
56:27 Banking
58:36 Masonry
59:52 Architecture
59:27 Siege Engineers
59:39 Chain Mail Armor
60:04 Chain Barding Armor
65:17 Plate Barding Armor
65:12 Ring Archer Armor
64:42 Bracer
64:53 Forging
67:41 Husbandry
67:51 Bloodlines
SEXO FUERTE
5:52 Loom
16:43 Feudal Age
17:38 Double-Bit Axe
19:55 Wheelbarrow
25:04 Castle Age
26:44 Bow Saw
26:17 Horse Collar
29:40 Hand Cart
32:24 Heavy Plow
36:16 Imperial Age
35:54 Wagenburg Tactics
37:20 Conscription
37:41 Ballistics
39:28 Fletching
39:39 Padded Archer Armor
41:51 Bodkin Arrow
42:12 Leather Archer Armor
43:23 Two-Man Saw
43:13 Elite Hussite Wagon
45:21 Chemistry
44:28 Siege Engineers
44:27 Bracer
44:57 Ring Archer Armor
49:39 Forging
49:30 Scale Mail Armor
48:59 Pikeman
49:40 Squires
49:26 Arson
49:55 Treadmill Crane
50:23 Halberdier
51:46 Iron Casting
51:26 Chain Mail Armor
53:45 Houfnice
55:26 Fervor
55:29 Hussite Reforms
55:49 Caravan
ZzzzzzCamilaVuelvePorfavor
1:22 Loom
11:05 Feudal Age
11:44 Double-Bit Axe
11:51 Horse Collar
19:38 Castle Age
18:16 Stone Mining
20:48 Bow Saw
20:41 Heavy Plow
22:22 Bloodlines
22:30 Gold Mining
24:00 Padded Archer Armor
25:43 Wheelbarrow
26:33 Leather Archer Armor
27:33 Husbandry
28:58 Inquisition
28:51 Fletching
33:03 Imperial Age
32:55 Hand Cart
33:53 Caravan
35:04 Chemistry
35:16 Ring Archer Armor
36:51 Conscription
36:52 Elite Conquistador
51:33 Ballistics
51:12 Bodkin Arrow
57:44 Stone Shaft Mining
58:14 Two-Man Saw
57:03 Town Watch
Connection lost

Rejoining the realm…

Still unreachable

The connection could not be restored.

Session expired

The server has moved on; the page needs a fresh start.